 Dungeon Crawl Stone Soup version 0.31-a0-1159-g800acc2fd1 (webtiles) character file.

Game seed: 14218938834506409325

185 James the Ruffian (level 5, -1/38 HPs)
             Began as a Merfolk Shapeshifter on Dec 8, 2023.
             Was an Initiate of Qazlal.
             Slain by an orc warrior
             ... wielding a +0 dire flail
              (7 damage)
             ... on level 4 of the Dungeon.
             The game lasted 00:06:28 (2203 turns).

James the Ruffian (Merfolk Shapeshifter)            Turns: 2203, Time: 00:06:29

Health: -1/38      AC:  9    Str: 16    XL:     5   Next: 64%
Magic:  5/5        EV: 11    Int:  9    God:    Qazlal [......]
Gold:   192        SH:  0    Dex: 14    Spells: 4/4 levels left

rFire   . .          .
                       - Unarmed
rCold   . . .        (no shield)
rNeg    . . .        f - +0 ring mail
rPois   .            (helmet currently unavailable)
rElec   .            (cloak currently unavailable)
rCorr   .            (gloves currently unavailable)
SInv    .            (boots currently unavailable)
Will    .....        (no amulet)
Stlth   +            n - +4 ring of protection
HPRegen 0.26/turn    (no ring)
MPRegen 0.09/turn

%: no passive effects
@: beast-form
A: beast (slay +2), (nimble swimmer 2), mertail
a: Begin Untransformation, Renounce Religion


You were on level 4 of the Dungeon.
You worshipped Qazlal.
Qazlal was noncommittal.
You were a hulking beast.
You visited 2 branches of the dungeon, and saw 5 of its levels.

You collected 192 gold pieces.

Inventory:

Hand Weapons
 j - a +2 heavy trident
   (You took it off an orc on level 4 of the Dungeon)
Missiles
 t - 23 stones
 w - 3 boomerangs (quivered)
Armour
 a - a +0 robe
   (You found it on level 2 of the Dungeon)
 f - a +0 ring mail (worn)
   (You found it on level 1 of the Dungeon)
 i - a +0 scale mail
   (You found it on level 1 of the Dungeon)
 k - a +0 chain mail
   (You found it on level 1 of the Dungeon)
 m - a +0 robe
   (You found it on level 1 of the Dungeon)
 r - a +0 leather armour
   (You found it on level 1 of the Dungeon)
 u - a +0 pair of boots
   (You found it on level 3 of the Dungeon)
 v - a +0 tower shield
   (You found it on level 3 of the Dungeon)
 y - a +0 leather armour
   (You took it off an orc on level 4 of the Dungeon)
Jewellery
 n - a +4 ring of protection (left hand)
   (You acquired it on level 4 of the Dungeon)
Talismans
 c - a beast talisman
 d - a flux talisman
Wands
 q - a wand of polymorph (9)
   (You found it on level 4 of the Dungeon)
Scrolls
 h - a scroll of teleportation {@r4}
Potions
 b - a potion of lignification {!q}
 e - 2 potions of invisibility
 g - a potion of mutation {unknown}
 l - a potion of curing {@q1}
 o - 2 potions of ambrosia


   Skills:
 - Level 2.0 Fighting
 - Level 3.0 Dodging
 * Level 6.4 Unarmed Combat
 - Level 4.0 Shapeshifting


You had 4 spell levels left.
You didn't know any spells.
Your spell library was empty.

Dungeon Overview and Level Annotations

Branches:
Dungeon (4/15)             Temple (1/1) D:4

Altars:
Elyvilon
Gozag
Kikubaaqudgha
Nemelex Xobeh
Okawaru
Qazlal
Ru
Trog
Vehumet
Xom
Yredelemnul
Zin
The Shining One

Shops:
D:4 !


Innate Abilities, Weirdness & Mutations

You are a hulking beast.
Your limbs bulge with bestial killing power. (Slay +2)
((You are very nimble when in or above water. (Stealth+, EV+, Speed+++)))
Your lower body shifts to a powerful aquatic tail in water.


Message History

You throw a poisoned dart. The poisoned dart hits the orc warrior.
The orc warrior is poisoned.
Throw: 2 darts (poison)
Press: ? - help, Q - select action, (/) - cycle Shift-Dir - straight line, f/p - orc warrior
Aim: an orc warrior, wielding a +0 dire flail and wearing a +0 plate armour (lightly wounded, poisoned, 60% to hit)
You throw a poisoned dart. The poisoned dart hits the orc warrior.
Throw: dart (poison)
Press: ? - help, Q - select action, (/) - cycle Shift-Dir - straight line, f/p - orc warrior
Aim: an orc warrior, wielding a +0 dire flail and wearing a +0 plate armour (lightly wounded, poisoned, 60% to hit)
You throw a poisoned dart.
The poisoned dart closely misses the orc warrior.
Throw: 3 boomerangs
Press: ? - help, Q - select action, (/) - cycle Shift-Dir - straight line, f/p - orc warrior
Aim: an orc warrior, wielding a +0 dire flail and wearing a +0 plate armour (lightly wounded, poisoned, 60% to hit)
You throw a boomerang.
The boomerang completely misses the orc warrior.
Throw: 3 boomerangs
Press: ? - help, Q - select action, (/) - cycle Shift-Dir - straight line, f/p - orc warrior
Aim: an orc warrior, wielding a +0 dire flail and wearing a +0 plate armour (lightly wounded, poisoned, 59% to hit)
You throw a boomerang.
The boomerang barely misses the orc warrior.
Throw: 3 boomerangs
Press: ? - help, Q - select action, (/) - cycle Shift-Dir - straight line, f/p - orc warrior
Aim: an orc warrior, wielding a +0 dire flail and wearing a +0 plate armour (lightly wounded, poisoned, 59% to hit)
You throw a boomerang.
The boomerang hits the orc warrior but does no damage.
The orc warrior barely misses you.
You hit the orc warrior but do no damage.
You punch the orc warrior!
The orc warrior looks more healthy.
The orc warrior hits you with a +0 dire flail.
You hit the orc warrior.
The orc warrior hits you with a +0 dire flail!
You hit the orc warrior but do no damage.
The orc warrior closely misses you.
You closely miss the orc warrior.
The orc warrior hits you with a +0 dire flail!
* * * LOW HITPOINT WARNING * * *
You hit the orc warrior.
The orc warrior hits you with a +0 dire flail.
* * * LOW HITPOINT WARNING * * *
You closely miss the orc warrior.
The orc warrior hits you with a +0 dire flail!
* * * LOW HITPOINT WARNING * * *
You hit the orc warrior but do no damage.
Your punch misses the orc warrior.
Unknown command.
You hit the orc warrior but do no damage.
You punch the orc warrior, but do no damage.
The orc warrior hits you with a +0 dire flail!
You die...

#.....#.###.# #.# #.....#.#
#.# #.# ######......# #'#
#.#
.........##################
.######..# ##.####..((....#
##.#..###..##...(..#...#
##.....##...##.....## ..#
#.......'...#o.....# .'o
##....###...h)...### #..
#.###..#.# ##..###### .
#.......∩# ##.# #####.####
### #.##########
#..........# #..#.....#.#
#....###.#.# ##.#.# #...#


You could see an orc warrior.

Vanquished Creatures
  A black bear (D:4)
  3 gnolls (D:2)
  An adder (D:2)
  A worm (D:4)
  A dart slug (D:2)
  3 orcs (D:4)
  7 endoplasms
  A giant cockroach (D:2)
  4 goblins
  3 hobgoblins
  2 jackals (D:1)
  5 kobolds
  3 quokkas
  6 ball pythons
  7 bats
  3 frilled lizards
  4 rats
55 creatures vanquished.

Notes
Turn   | Place    | Note
-------+----------+-------------------------------------------
     0 | D:1      | James the Merfolk Shapeshifter began the quest for the Orb.
     0 | D:1      | Reached XP level 1. HP: 15/15 MP: 1/1
    58 | D:1      | Reached XP level 2. HP: 14/21 MP: 2/2
   105 | D:1      | You fall into a shaft and drop 1 floor!
   303 | D:1      | Found a faded altar of an unknown god.
   345 | D:1      | Reached skill level 4 in Unarmed Combat
   390 | D:1      | Reached XP level 3. HP: 26/27 MP: 3/3
   963 | D:2      | Reached XP level 4. HP: 25/33 MP: 4/4
  1057 | D:2      | Reached skill level 5 in Unarmed Combat
  1552 | D:3      | Found a radiant altar of Vehumet.
  1812 | D:4      | Found a staircase to the Ecumenical Temple.
  1816 | Temple   | Entered the Ecumenical Temple
  1824 | Temple   | Became a worshipper of Qazlal Stormbringer
  1888 | D:4      | Noticed a black bear
  1895 | D:4      | Killed a black bear
  1896 | D:4      | Reached skill level 6 in Unarmed Combat
  1896 | D:4      | Reached XP level 5. HP: 33/38 MP: 5/5
  1945 | D:4      | Identified a scroll of acquirement
  1945 | D:4      | Acquired a +4 ring of protection
  2085 | D:4      | Found Foim's Distillery.
  2181 | D:4      | Noticed an orc warrior
  2203 | D:4      | Slain by an orc warrior

Illustrated notes

Levels and vault maps discovered:
D:1:      wander_arrival_lonely_grave, layout_rooms,
          ebering_ecumenical_altar_sacrificial, nrook_loot_triangle,
          minmay_tromino_v4_c
D:2:      layout_loops_cross, grunt_decor_junction, serial_bayou_lagoon_b
D:3:      layout_loops_ring, fiery_altar_vehumet
D:4:      minmay_opposing_rooms, layout_loops_corners,
          gammafunk_temple_overflow_claw, minmay_temple_entry_statues_pillars,
          serial_shops, shop, uniq_blork_the_orc, uniq_robin
Temple:   hellmonk_temple_forest_ring

Skill      XL: |  1  2  3  4 |
---------------+-------------+-----
Dodging        | 3 |  3.0
Unarmed Combat | 4 6 |  6.4
Fighting       | 2 |  2.0
Shapeshifting  | |  4.0

Action                     |  1- 3 |  4- 6 || total
---------------------------+-------+-------++-------
  Melee: Unarmed           |    76 |    65 ||   141
         Punch             |       |     5 ||     5
         Tailslap          |       |     4 ||     4
  Throw: Dart              |     7 |     7 ||    14
         Boomerang         |       |     3 ||     3
    Use: Scroll            |       |     9 ||     9
 Armour: Ring mail         |    47 |    28 ||    75
         Animal skin       |     1 |       ||     1
  Dodge: Dodged            |    58 |    25 ||    83

Table legend: (Time is in decaauts)
 A = Elapsed time spent in this place.
 B = Non-inter-level travel time spent in this place.
 C = Inter-level travel time spent in this place.
 D = Time resting spent in this place.
 E = Time spent auto-exploring this place.
 F = Levels seen in this place.
 G = Mean time per level.
                   A        B        C        D        E       F      G
               +--------+--------+--------+--------+--------+-----+--------+
         Total |   2163 |   2058 |    105 |     91 |   1377 |   5 |  432.6 |
       Dungeon |   2147 |   2049 |     98 |     91 |   1377 |   4 |  536.8 |
        Temple |     16 |      9 |      7 |      0 |      0 |   1 |   16.0 |
               +--------+--------+--------+--------+--------+-----+--------+

Top non-repeatable levels by time:
     D:2: 735 daAuts
     D:1: 632 daAuts
     D:4: 510 daAuts
     D:3: 268 daAuts
  Temple: 16 daAuts
